 Dungeon Crawl Stone Soup version 0.23.2-40-g277498a001 (webtiles) character file.

Game seed: 13264662533136493689

57 Jerej03 the Digger (level 4, -5/24 HPs)
             Began as a Gargoyle Earth Elementalist on Sept 30, 2019.
             Killed by divine providence
             ... invoked by an orc priest
              (11 damage)
             ... on level 3 of the Dungeon.
             The game lasted 00:32:33 (1616 turns).

Jerej03 the Digger (Gargoyle Earth Elementalist)    Turns: 1616, Time: 00:32:34

Health: -5/24      AC:  4    Str: 12    XL:     4   Next: 0%
Magic:  4/7        EV: 12    Int: 16    God:
Gold:   116        SH:  0    Dex: 12    Spells: 0/7 levels left

rFire    . . .     SeeInvis +   f - +2 dagger (speed)
rCold    . . .     Gourm    .   (no shield)
rNeg     + . .     Faith    .   D - -2 robe (curse)
rPois    ∞         Spirit   .   (no helmet)
rElec    +         Reflect  .   (no cloak)
rCorr    .         Harm     .   l - +0 pair of gloves
MR       .....                  (no boots)
Stlth    ++........             (no amulet)
HPRegen  0.08/turn              e - ring of see invisible
MPRegen  0.10/turn              A - +2 ring of dexterity

@: no status effects
A: negative energy resistance 1, electricity resistance, unbreathing,
petrification resistance, rot immunity, AC +3
a: no special abilities


You were on level 3 of the Dungeon.
You were not hungry.

You visited 1 branch of the dungeon, and saw 3 of its levels.

You collected 116 gold pieces.

Inventory:

Hand Weapons
 f - a +2 dagger of speed (weapon)
 g - a +0 dagger
 h - a +0 hunting sling
Missiles
 b - 2 stones (quivered)
 m - 40 arrows
 y - 29 bolts
 C - 16 poisoned needles
Armour
 a - a +0 leather armour
 c - a +0 robe
 l - a +0 pair of gloves (worn)
 v - a +0 plate armour
 B - a +0 ring mail
 D - a cursed -2 robe (worn)
 F - a +0 scale mail
Jewellery
 e - a ring of see invisible (left hand)
 A - a +2 ring of dexterity (right hand)
Scrolls
 i - 4 scrolls of identify {unknown}
 p - a scroll of immolation {unknown}
 q - 4 scrolls of blinking
 r - a scroll of fear {unknown}
 t - a scroll of remove curse {unknown}
 u - 2 scrolls of enchant armour {unknown}
Potions
 j - a potion of resistance {unknown}
 k - a potion of flight {unknown}
 n - a potion of degeneration {unknown}
 o - a potion of brilliance
 s - a potion of might {unknown}
 w - a potion of haste {unknown}
 x - a potion of cancellation {unknown}
 z - a potion of mutation {unknown}
 E - a potion of heal wounds {unknown}
Comestibles
 d - 3 rations


   Skills:
 + Level 0.2 Fighting
 * Level 1.1 Short Blades
 + Level 0.5 Armour
 + Level 1.8 Dodging
 + Level 2.2 Stealth
 + Level 2.2 Spellcasting
 + Level 0.7 Transmutations
 * Level 4.8 Earth Magic


You couldn't memorise any spells.
You knew the following spells:

 Your Spells              Type           Power        Failure   Level  Hunger
a - Sandblast             Erth           ###...       2%          1    #......
b - Passwall              Tmut/Erth      ##......     10%         2    ###....
c - Stone Arrow           Conj/Erth      #.....       22%         3    ###....
d - Animate Skeleton      Necr           N/A          21%         1    #......

Your spell library contained the following spells:

 Spells                   Type           Power        Failure   Level  Hunger
 Apportation              Tloc           #.....       21%         1    #......
 Confusing Touch          Hex            #.....       21%         1    #......
 Summon Small Mammal      Summ           #...         21%         1    #......
 Petrify                  Tmut/Erth      ##......     54%         4    #####..
 Lee's Rapid Deconstruct  Erth           ###.......   58%         5    ######.


Dungeon Overview and Level Annotations

Branches:
Dungeon (3/15)

Altars:
Okawaru


Innate Abilities, Weirdness & Mutations

You are resistant to torment.
Your stone body is resilient. (AC +3)
You are immune to poison.
You resist negative energy. (rN+)
You are resistant to electric shocks. (rElec)
You can survive without breathing.
You are immune to petrification.
You are immune to rotting.


Message History

Casting: Sandblast (safe; 2% risk of failure)
Confirm with . or Enter, or press ? or * to list all spells.
You don't know that spell.
Casting: Sandblast (safe; 2% risk of failure)
Confirm with . or Enter, or press ? or * to list all spells.
Aiming: Passwall (safe; 10% risk of failure)
Press: ? - help, Dir - move target cursor, p - orc priest A rock wall.
This rock feels extremely deep.
The orc hits you with a +0 club.
The orc priest casts a cantrip, but nothing happens.
The orc priest invokes the aid of Beogh against you.
Beogh smites you!
Ouch! That really hurt!
The orc hits you with a +0 club.
* * * LOW HITPOINT WARNING * * *
The orc barely misses you. The orc closely misses you.
The orc priest invokes the aid of Beogh against you.
Beogh smites you!
You die...

#.# #.# # #.# #
#.# # #.# ######
#.# #..).#### #.#
#.#..†... #.#
##### #.#######
#..######o# #@..#
#.......#
#.........#
#.#.############.#
##.#####..#
#.#...........<#.#
....#<.#..#
#o#######......#.#
.#..).....######.#
#.####.#.#
.#.###.##...oo.oo#
#.# #.#.#
.........#########
#.# #...#
.......#.#
#.########
.......#÷#
#.........


You could see an orc priest and 2 orcs.

Vanquished Creatures
  2 oozes
  A worm (D:3)
  2 dart slugs (D:1)
  A leopard gecko (D:2)
  2 orcs (D:3)
  4 bats
  4 giant cockroaches (D:1)
  6 goblins
  2 hobgoblins
  A quokka (D:3)
  2 frilled lizards (D:1)
  6 kobolds
  3 rats
36 creatures vanquished.

Notes
Turn   | Place    | Note
-------+----------+-------------------------------------------
     0 | D:1      | Jerej03 the Gargoyle Earth Elementalist began the quest for
                  | the Orb.
     0 | D:1      | Reached XP level 1. HP: 10/10 MP: 3/3
   156 | D:1      | Reached skill level 4 in Earth Magic
   182 | D:1      | Reached XP level 2. HP: 12/15 MP: 3/5
   402 | D:1      | Learned a level 2 spell: Passwall
   465 | D:1      | Reached XP level 3. HP: 19/19 MP: 2/6
   470 | D:1      | Learned a level 3 spell: Stone Arrow
  1115 | D:2      | Found an iron altar of Okawaru.
  1343 | D:3      | Reached skill level 1 in Short Blades
  1560 | D:3      | Reached XP level 4. HP: 20/24 MP: 5/7
  1563 | D:3      | Learned a level 1 spell: Animate Skeleton
  1616 | D:3      | Killed from afar by an orc priest

Skill      XL: |  1  2  3 |
---------------+----------+-----
Earth Magic    | 4 |  4.8
Short Blades   | 1 |  1.1
Fighting       | |  0.2
Armour         | |  0.5
Dodging        | |  1.8
Stealth        | |  2.2
Spellcasting   | |  2.2
Transmutations | |  0.7

Action                   |  1- 3 |  4- 6 || total
-------------------------+-------+-------++-------
Melee: Dagger            |    75 |       ||    75
       Unarmed           |     1 |       ||     1
 Cast: Sandblast         |    25 |     5 ||    30
       Stone Arrow       |     1 |       ||     1
       Passwall          |       |     1 ||     1
  Use: Scroll            |     2 |       ||     2
       Potion            |     1 |       ||     1
  Eat: Ration            |     1 |       ||     1
Armor: Leather armour    |     8 |       ||     8
       Plate armour      |    36 |       ||    36
       Robe              |     1 |       ||     1
Dodge: Dodged            |    21 |     4 ||    25
